 Dungeon Crawl Stone Soup version 0.17.2-1-ge4368a0 (webtiles) character file.

17 ololoev the Skirmisher (level 2, -8/24 HPs)
             Began as a Demonspawn Fighter on Oct 27, 2016.
             Killed by nerve-wracking pain
             ... invoked by an orc priest
              (14 damage)
             ... on level 3 of the Dungeon.
             The game lasted 00:01:24 (262 turns).

ololoev the Skirmisher (Demonspawn Fighter)          Turns: 262, Time: 00:01:25

Health: -8/24      AC:  6    Str: 16    XL:     2   Next: 44%
Magic:  2/2        EV:  9    Int:  9    God:
Gold:   87         SH:  0    Dex: 12    Spells: 0 memorised, 1 level left

rFire  . . .     SeeInvis .     a - +0 war axe
rCold  . . .     Clarity  .     b - +0 scale mail
rNeg   . . .     SustAt   .     (no shield)
rPois  .         Gourm    .     (no helmet)
rElec  .         Spirit   .     (no cloak)
rCorr  .         Warding  .     (no gloves)
rMut   .         Stasis   .     (no boots)
MR     .....                    (no amulet)
Stlth  ..........               g - ring of invisibility
                                f - ring of flight

@: not resistant to hostile enchantments, extremely unstealthy
A: powered by pain 1
a: Evoke Invisibility, Evoke Flight


Innate Abilities, Weirdness & Mutations

You sometimes gain a little power by taking damage.

Inventory:

Hand Weapons
 a - a +0 war axe (weapon)
Armour
 b - a +0 scale mail (worn)
Jewellery
 f - a ring of flight (left hand)
 g - a ring of invisibility (right hand)
Scrolls
 h - a scroll of teleportation {unknown}
 i - a scroll of amnesia {unknown}
Potions
 c - a potion of heal wounds {unknown}
 j - a potion of curing {unknown}
Comestibles
 d - a meat ration
 e - 2 bread rations


   Skills:
 + Level 3.1 Fighting
 * Level 2.4 Axes
 + Level 2.9 Armour
   Level 2.6 Shields


You had one spell level left.
You didn't know any spells.


You were on level 3 of the Dungeon.
You were not hungry.

You visited 1 branch of the dungeon, and saw 3 of its levels.

You collected 87 gold pieces.

###. #.# #.. #
##.#####.# ##.#
.........##..#... #.#
#........# #
##.####...###.##.# .
.....>...># ...
..$.###.####...###.# #
.o...o.@...#.......#####
.oo.##.#.#.............#
# #.###.##..##.......#
#.# ##.#..##.#####.# ..#
##...##.#####.# ###
#.##.#..(....<.
#......###......
#.####.## ##.#... #.#
#.## ##....

Notes
Turn   | Place    | Note
--------------------------------------------------------------
     0 | D:1      | ololoev the Demonspawn Fighter began the quest for the Orb.
     0 | D:1      | Reached XP level 1. HP: 18/18 MP: 1/1
   216 | D:2      | Gained mutation: You sometimes gain a little power by taking damage. [demonic ancestry]
   216 | D:2      | Reached XP level 2. HP: 17/24 MP: 2/2
   260 | D:3      | Noticed an orc priest
   262 | D:3      | Killed from afar by an orc priest

Dungeon Overview and Level Annotations

Branches:
Dungeon (3/15)

Altars:


Message History

Found a bread ration.
You now have 74 gold pieces (gained 7).
A quokka comes into view.
You see here 13 gold pieces.
You now have 87 gold pieces (gained 13).
You hit the quokka.
The quokka is severely wounded.
The quokka closely misses you.
You miss the quokka.
The quokka is severely wounded.
The quokka bites you but does no damage. x2
You closely miss the quokka.
The quokka is severely wounded.
The quokka bites you.
Your scale mail prevents you from hitting the quokka.
The quokka is severely wounded.
The quokka bites you. The quokka closely misses you.
You closely miss the quokka.
The quokka is severely wounded.
The quokka closely misses you. The quokka bites you.
You slash the quokka!
You kill the quokka!
There is a stone staircase leading down here.
Found a meat ration.
e - 2 bread rations (gained 1)
You feel a little less mighty now.
Found 10 gold pieces.
d - a meat ration 2 orcs and an orc priest come into view.
The orc shouts! x2
The orc priest shouts!
Use which ability? (? or * to list)
You fail to use your ability.
An orc comes into view. It is wielding a hand axe.
Use which ability? (? or * to list)
You fail to use your ability.
The orc shouts!
The orc priest mumbles some strange prayers to Beogh against you.
Pain shoots through your body!
Ouch! That really hurt!
You die...

You could see an orc priest and 3 orcs.

Vanquished Creatures
  An adder (D:2)
  A goblin (D:2)
  A hobgoblin (D:2)
  A quokka (D:3)
  2 bats
  2 rats (D:3)
8 creatures vanquished.

Action                   || total
-------------------------++-------
Melee: War axe           ||    30
  Use: Potion            ||     1

Vault maps used:
D:1:      dpeg_arrival_snail, lexackson_kobold_supper
